[Event "15th Governor Cup 2019"]
[Site "Khanty-Mansiysk"]
[Date "2019.11.23"]
[Round "7.18"]
[White "Skatchkov, Valery"]
[Black "Mironenko, Galina"]
[Result "1-0"]
[ECO "E17"]
[WhiteElo "2309"]
[BlackElo "2236"]
[Annotator "NA"]
[PlyCount "87"]
[EventDate "2019.11.19"]
[EventType "swiss"]
[EventCountry "RUS"]
[SourceTitle "playchess.com"]
[Source "ChessBase"]
[SourceQuality "1"]
[TimeControl "5400+30"]

1. d4 Nf6 2. c4 e6 3. Nf3 b6 4. g3 Bb7 5. Bg2 Be7 6. O-O O-O 7. d5 exd5 8. Nh4 c6 9. cxd5 Nxd5 10. Nf5 Nc7 11. Nc3 d5 12. e4 Bf6 13. Bf4 Bc8 14. Qc2 Bxf5 15. Bxc7 Qxc7 16. Nxd5 Qe5 17. Nxf6+ Qxf6 18. exf5 a5 19. Rad1 Ra7 20. Rd2 Rd8 21. Rfd1 Rxd2 22. Rxd2 Rd7 23. Rxd7 Nxd7 24. Bxc6 Nc5 25. Bd5 g6 26. fxg6 hxg6 27. Qc4 Kg7 28. b3 Nd7 29. Kg2 Ne5 30. Qd4 Nd7 31. Qxf6+ Kxf6 32. f4 Nc5 33. Kf3 Na6 34. a3 Nc7 35. Ke4 Ke7 36. a4 Ne8 37. Kd4 Nc7 38. Bc4 Kf6 39. h4 Kf5 40. Bxf7 Kg4 41. Bxg6 Kxg3 42. h5 Kxf4 43. h6 Ne6+ 44. Kd5 1-0

[Event "15th Governor Cup 2019"]
[Site "Khanty-Mansiysk"]
[Date "2019.11.23"]
[Round "7.19"]
[White "Semenova, Elena"]
[Black "Skvortsov, Andrey"]
[Result "1-0"]
[ECO "C44"]
[WhiteElo "2282"]
[BlackElo "2137"]
[Annotator "NA"]
[PlyCount "86"]
[EventDate "2019.11.19"]
[EventType "swiss"]
[EventCountry "RUS"]
[SourceTitle "playchess.com"]
[Source "ChessBase"]
[SourceQuality "1"]
[TimeControl "5400+30"]

1. e4 e5 2. Nf3 Nc6 3. d4 exd4 4. Nxd4 Bb4+ 5. c3 Be7 6. Bc4 Nf6 7. Nxc6 bxc6 8. e5 Ne4 9. Qf3 d5 10. exd6 Nxd6 11. Bd3 O-O 12. O-O Rb8 13. Nd2 c5 14. Nc4 Bb7 15. Qh3 g6 16. Bh6 Re8 17. Rad1 Bf6 18. Be3 Bc8 19. Qg3 Be6 20. Bxc5 Bh4 21. Qf3 Qc8 22. Bxd6 Bg4 23. Qf4 Bxd1 24. Rxd1 cxd6 25. Qxh4 Qe6 26. b3 Rbc8 27. Qd4 Red8 28. Ne3 h5 29. Bc4 Qe5 30. Qxe5 dxe5 31. Rxd8+ Rxd8 32. Bd5 Kf8 33. c4 Ke7 34. Kf1 a5 35. Ke2 f5 36. Kd3 Rc8 37. a3 Rb8 38. c5 f4 39. Nc2 g5 40. h3 g4 41. hxg4 hxg4 42. b4 axb4 43. axb4 Rd8 1-0

[Event "15th Governor Cup 2019"]
[Site "Khanty-Mansiysk"]
[Date "2019.11.23"]
[Round "7.20"]
[White "Shafigullina, Zarina"]
[Black "Martynyuk, Elizaveta"]
[Result "0-1"]
[ECO "D02"]
[WhiteElo "2295"]
[BlackElo "2020"]
[Annotator "NA"]
[PlyCount "88"]
[EventDate "2019.11.19"]
[EventType "swiss"]
[EventCountry "RUS"]
[SourceTitle "playchess.com"]
[Source "ChessBase"]
[SourceQuality "1"]
[TimeControl "5400+30"]

1. d4 d5 2. Nf3 Nf6 3. c4 c6 4. g3 Bf5 5. Nc3 e6 6. Nh4 Be4 7. f3 Bg6 8. Nxg6 hxg6 9. Qb3 Qb6 10. c5 Qxb3 11. axb3 Nbd7 12. b4 a6 13. b5 cxb5 14. Nxb5 Rc8 15. Nc3 Be7 16. e3 g5 17. g4 Nb8 18. Bd2 Nc6 19. Be2 e5 20. Ra4 Kd7 21. Kf1 Rh3 22. Kg2 Rch8 23. Nd1 Ne8 24. Bc3 exd4 25. exd4 Nc7 26. Ne3 Bf6 27. Bd3 g6 28. Bb1 Ne6 29. Nxd5 Bxd4 30. Bxd4 Ncxd4 31. Be4 f5 32. gxf5 gxf5 33. Nb6+ Kc7 34. Bd5 Nf4+ 35. Kf2 Rxh2+ 36. Rxh2 Rxh2+ 37. Kf1 Nc2 38. Kg1 Rd2 39. Bb3 Ne1 40. Nc4 Nxf3+ 41. Kf1 Rh2 42. Ne3 Nd3 43. Ng2 Nxc5 44. Rc4 Nd2+ 0-1

[Event "15th Governor Cup 2019"]
[Site "Khanty-Mansiysk"]
[Date "2019.11.23"]
[Round "7.21"]
[White "Ryabov, Georgi"]
[Black "Kochukova, Anna"]
[Result "0-1"]
[ECO "A20"]
[WhiteElo "1887"]
[BlackElo "2117"]
[Annotator "NA"]
[PlyCount "108"]
[EventDate "2019.11.19"]
[EventType "swiss"]
[EventCountry "RUS"]
[SourceTitle "playchess.com"]
[Source "ChessBase"]
[SourceQuality "1"]
[TimeControl "5400+30"]

1. c4 e5 2. g3 Nf6 3. Bg2 d5 4. cxd5 Nxd5 5. Nc3 Nb6 6. Nf3 Nc6 7. O-O Be7 8. d3 O-O 9. a3 Be6 10. b4 a5 11. b5 Nd4 12. Rb1 f6 13. e3 Nxf3+ 14. Bxf3 Qc8 15. Qe2 Rd8 16. Rd1 a4 17. Bg2 Ra5 18. Rd2 Bf8 19. Qf3 Ra7 20. Bb2 Nc4 21. Rdd1 Nxb2 22. Rxb2 Bg4 23. Qe4 Bxd1 24. Nxd1 Qd7 25. Qc4+ Kh8 26. Rd2 Bxa3 27. Nc3 Bd6 28. Nxa4 Rda8 29. Ra2 Qe8 30. h3 g6 31. Nc3 Rxa2 32. Nxa2 Ra7 33. Nc3 Kg7 34. Ne4 Qe7 35. Kh2 b6 36. Nc3 Ra5 37. Qc6 h5 38. Nd5 Qd8 39. Qc4 Qd7 40. Nc3 Ra1 41. d4 h4 42. Ne4 hxg3+ 43. fxg3 Ra3 44. Qc1 Ra5 45. Qc3 Qe7 46. Qc6 Ra3 47. Qc1 Rb3 48. Nc3 exd4 49. exd4 Bxg3+ 50. Kxg3 Qb4 51. Kh2 Rxc3 52. Qf4 Qxb5 53. Qe4 Qb4 54. Qd5 Qd6+ 0-1

[Event "15th Governor Cup 2019"]
[Site "Khanty-Mansiysk"]
[Date "2019.11.23"]
[Round "7.22"]
[White "Voskresenskaya, Marta"]
[Black "Dorofeeva, Nyurguiaana"]
[Result "1-0"]
[ECO "E11"]
[WhiteElo "1859"]
[BlackElo "1848"]
[Annotator "NA"]
[PlyCount "151"]
[EventDate "2019.11.19"]
[EventType "swiss"]
[EventCountry "RUS"]
[SourceTitle "playchess.com"]
[Source "ChessBase"]
[SourceQuality "1"]
[TimeControl "5400+30"]

1. d4 Nf6 2. Nf3 e6 3. c4 Bb4+ 4. Bd2 c5 5. g3 Qb6 6. e3 Nc6 7. Bxb4 Qxb4+ 8. Qd2 Ne4 9. Qxb4 Nxb4 10. Na3 b6 11. Be2 Bb7 12. O-O a6 13. dxc5 bxc5 14. Rfd1 d6 15. Nd2 Ng5 16. f3 f5 17. Rdc1 h5 18. h4 Nf7 19. Nc2 Nc6 20. f4 Ke7 21. e4 g6 22. Re1 Kf6 23. Bf3 e5 24. Re3 Nh6 25. Rb3 Rab8 26. Rb6 Ba8 27. Rxb8 Rxb8 28. b3 Ng4 29. Bxg4 hxg4 30. Ne3 Nd4 31. Nd5+ Bxd5 32. fxe5+ dxe5 33. cxd5 Nf3+ 34. Nxf3 gxf3 35. exf5 Kxf5 36. Kf2 e4 37. Rc1 Re8 38. Ke3 Kg4 39. d6 Kxg3 40. Rg1+ Kxh4 41. Rxg6 Rf8 42. Rg1 f2 43. Rf1 Kg3 44. d7 Rd8 45. Rxf2 Rxd7 46. Rc2 Rd5 47. Kxe4 Rh5 48. Kd3 Kf3 49. Kc4 Ke3 50. Rg2 a5 51. Kb5 Kd4 52. Rg4+ Kc3 53. Kxa5 c4+ 54. Ka4 cxb3 55. axb3 Rh8 56. Rc4+ Kd3 57. Rc5 Ra8+ 58. Ra5 Rb8 59. b4 Kc4 60. Rc5+ Kd4 61. Rg5 Kc4 62. Rc5+ Kd4 63. Kb3 Rb7 64. Rh5 Rc7 65. b5 Rc5 66. Rh4+ Kd5 67. Kb4 Rc1 68. Rh6 Rb1+ 69. Ka5 Ra1+ 70. Kb6 Rb1 71. Ka6 Ra1+ 72. Kb7 Kc5 73. b6 Rb1 74. Kc7 Kb5 75. b7 Rc1+ 76. Kd7 1-0

[Event "15th Governor Cup 2019"]
[Site "Khanty-Mansiysk"]
[Date "2019.11.24"]
[Round "8.1"]
[White "Goganov, Aleksey"]
[Black "Rakhmanov, Aleksandr"]
[Result "1-0"]
[ECO "D30"]
[WhiteElo "2565"]
[BlackElo "2638"]
[Annotator "ChessBase"]
[PlyCount "119"]
[EventDate "2019.11.19"]
[EventType "swiss"]
[EventCountry "RUS"]
[SourceTitle "playchess.com"]
[Source "ChessBase"]
[SourceQuality "1"]
[TimeControl "5400+30"]

1. d4 d5 2. c4 e6 3. Nf3 a6 4. Bg5 Be7 5. Bxe7 Qxe7 6. Nbd2 Nf6 7. Rc1 O-O 8. g3 c6 9. Bg2 Nbd7 10. O-O e5 11. dxe5 Nxe5 12. Nxe5 Qxe5 13. cxd5 cxd5 14. Rc3 Bg4 15. Nf3 Bxf3 16. Bxf3 Rac8 17. Rc2 Rfe8 18. Qd3 h5 19. h4 Rc7 20. Rxc7 Qxc7 21. Qd4 Re6 22. Rd1 Qb6 23. b3 Qxd4 24. Rxd4 Kf8 25. e3 Re5 26. Kf1 Ke8 27. Ke2 Kd7 28. Rf4 Kd6 29. Kd3 Re7 30. Rd4 Kc5 31. b4+ Kd6 32. Bxd5 Nxd5 33. e4 g6 34. Rxd5+ Ke6 35. f4 Rc7 36. f5+ gxf5 37. Rxf5 f6 38. Ke3 Rc2 39. a4 b6 40. Rxh5 Rc4 41. a5 b5 42. Rc5 Rxb4 43. Kf4 Kd6 44. Rc8 Rb1 45. Ra8 Rf1+ 46. Ke3 Ra1 47. Rxa6+ Ke5 48. Kf3 Rf1+ 49. Kg2 Ra1 50. h5 b4 51. h6 Ra2+ 52. Kh3 Ra1 53. Rb6 Rxa5 54. Rxb4 Ke6 55. e5 Ra1 56. Rh4 Ra8 57. h7 Rh8 58. exf6 Kxf6 59. Kg4 Kg6 60. Rh1 1-0

[Event "15th Governor Cup 2019"]
[Site "Khanty-Mansiysk"]
[Date "2019.11.24"]
[Round "8.3"]
[White "Frolyanov, Dmitry"]
[Black "Kokarev, Dmitry"]
[Result "1/2-1/2"]
[ECO "B90"]
[WhiteElo "2556"]
[BlackElo "2601"]
[Annotator "ChessBase"]
[PlyCount "43"]
[EventDate "2019.11.19"]
[EventType "swiss"]
[EventCountry "RUS"]
[SourceTitle "playchess.com"]
[Source "ChessBase"]
[SourceQuality "1"]
[TimeControl "5400+30"]

1. e4 c5 2. Nf3 d6 3. d4 cxd4 4. Nxd4 Nf6 5. Nc3 a6 6. Be3 e5 7. Nf3 Be7 8. Bc4 O-O 9. O-O Nc6 10. Re1 Be6 11. Nd5 Bxd5 12. exd5 b5 13. Bf1 Nb4 14. c4 bxc4 15. Bxc4 Qc7 16. Rc1 Qb7 17. Qb3 Rab8 18. Red1 Qd7 19. Qc3 Qb7 20. Qb3 Qd7 21. Qc3 Qb7 22. Qb3 1/2-1/2

[Event "15th Governor Cup 2019"]
[Site "Khanty-Mansiysk"]
[Date "2019.11.24"]
[Round "8.5"]
[White "Pogosyan, Stefan"]
[Black "Bocharov, Dmitry"]
[Result "1-0"]
[ECO "A41"]
[WhiteElo "2455"]
[BlackElo "2519"]
[Annotator "ChessBase"]
[PlyCount "73"]
[EventDate "2019.11.19"]
[EventType "swiss"]
[EventCountry "RUS"]
[SourceTitle "playchess.com"]
[Source "ChessBase"]
[SourceQuality "1"]
[TimeControl "5400+30"]

1. d4 d6 2. Nf3 g6 3. c4 Nf6 4. Nc3 Bf5 5. g3 Ne4 6. Bg2 Nxc3 7. bxc3 Be4 8. O-O Bg7 9. Bh3 O-O 10. Nd2 Bc6 11. e4 e5 12. Bb2 Bd7 13. Bg2 Nc6 14. Nb3 a5 15. a4 f5 16. exf5 Bxf5 17. d5 Ne7 18. c5 b6 19. cxd6 cxd6 20. Nd2 Rc8 21. Ne4 Kh8 22. Qb3 Ng8 23. Ba3 Bxe4 24. Bxe4 Nf6 25. Bg2 e4 26. Bh3 Rb8 27. Rae1 h5 28. Be6 Nh7 29. h4 Rf3 30. Qb1 Nf6 31. Rxe4 b5 32. axb5 Qb6 33. Kg2 Rxc3 34. Rf4 Rxa3 35. Rxf6 Bxf6 36. Qxg6 Qc7 37. Bf7 1-0

[Event "15th Governor Cup 2019"]
[Site "Khanty-Mansiysk"]
[Date "2019.11.24"]
[Round "8.6"]
[White "Rozum, Ivan"]
[Black "Belyakov, Bogdan"]
[Result "1/2-1/2"]
[ECO "D20"]
[WhiteElo "2593"]
[BlackElo "2495"]
[Annotator "ChessBase"]
[PlyCount "57"]
[EventDate "2019.11.19"]
[EventType "swiss"]
[EventCountry "RUS"]
[SourceTitle "playchess.com"]
[Source "ChessBase"]
[SourceQuality "1"]
[TimeControl "5400+30"]

1. d4 d5 2. c4 dxc4 3. e4 Nf6 4. e5 Nd5 5. Bxc4 Nb6 6. Bd3 Nc6 7. Be3 Nb4 8. Be4 N4d5 9. Nc3 Be6 10. Nge2 c6 11. O-O Qd7 12. Qc2 g6 13. Nc1 f5 14. Bxd5 Bxd5 15. Nd3 e6 16. Bg5 Bc4 17. Rfd1 Bxd3 18. Rxd3 Be7 19. Bxe7 Qxe7 20. a4 a5 21. Qb3 Ra6 22. Nb1 O-O 23. Nd2 Rd8 24. Rc1 Nd5 25. Rc4 Rb6 26. Qa2 Nb4 27. Qb3 Nd5 28. Qa2 Nb4 29. Qb3 1/2-1/2

[Event "15th Governor Cup 2019"]
[Site "Khanty-Mansiysk"]
[Date "2019.11.24"]
[Round "8.7"]
[White "Lugovskoy, Maxim"]
[Black "Bocharov, Ivan"]
[Result "1-0"]
[ECO "B51"]
[WhiteElo "2444"]
[BlackElo "2571"]
[Annotator "ChessBase"]
[PlyCount "51"]
[EventDate "2019.11.19"]
[EventType "swiss"]
[EventCountry "RUS"]
[SourceTitle "playchess.com"]
[Source "ChessBase"]
[SourceQuality "1"]
[TimeControl "5400+30"]

1. e4 c5 2. Nf3 d6 3. Bb5+ Nd7 4. d4 cxd4 5. Qxd4 a6 6. Bxd7+ Bxd7 7. c4 Nf6 8. Bg5 b5 9. Nc3 e5 10. Qd3 bxc4 11. Qxc4 Be7 12. Rd1 Qb8 13. Qd3 Qxb2 14. Nxe5 Rc8 15. Nxd7 Rxc3 16. Nxf6+ gxf6 17. Qd4 Rg8 18. Bd2 Rc2 19. Qa4+ Kd8 20. O-O Qxa2 21. Qd4 Qc4 22. Qa7 f5 23. g3 fxe4 24. Rb1 Qc7 25. Rb8+ Kd7 26. Rb7 1-0

[Event "15th Governor Cup 2019"]
[Site "Khanty-Mansiysk"]
[Date "2019.11.24"]
[Round "8.8"]
[White "Afanasiev, Nikita"]
[Black "Potapov, Pavel"]
[Result "1-0"]
[ECO "A05"]
[WhiteElo "2508"]
[BlackElo "2489"]
[Annotator "ChessBase"]
[PlyCount "119"]
[EventDate "2019.11.19"]
[EventType "swiss"]
[EventCountry "RUS"]
[SourceTitle "playchess.com"]
[Source "ChessBase"]
[SourceQuality "1"]
[TimeControl "5400+30"]

1. Nf3 Nf6 2. g3 b6 3. Bg2 Bb7 4. O-O e6 5. c4 Be7 6. Nc3 O-O 7. Re1 d5 8. cxd5 exd5 9. d4 c5 10. Bf4 Nc6 11. e3 Ne4 12. dxc5 Nxc3 13. bxc3 Bxc5 14. Qd3 h6 15. h4 Qf6 16. Rad1 Rad8 17. g4 Ne7 18. g5 hxg5 19. hxg5 Qg6 20. Ne5 Qxd3 21. Nxd3 Bd6 22. Rd2 Nf5 23. Red1 Nh4 24. Bh1 f6 25. c4 dxc4 26. Bxb7 cxd3 27. Rxd3 Be7 28. gxf6 gxf6 29. Rd7 Ng6 30. Bc7 Rxd7 31. Rxd7 Bc5 32. Bd5+ Kh8 33. Bh2 a5 34. Kg2 Ne5 35. Rb7 Rd8 36. e4 a4 37. Bg3 a3 38. f4 Nd3 39. Kf3 Nb4 40. Be6 Re8 41. Bc4 Re7 42. Rb8+ Kg7 43. Bh4 Rc7 44. Rg8+ Kh7 45. Bxf6 Bd4 46. Bxd4 Rxc4 47. Rh8+ Kg6 48. f5+ Kf7 49. Rh7+ Kg8 50. Rh8+ Kf7 51. Bxb6 Nxa2 52. e5 Nc3 53. e6+ Kf6 54. Rf8+ Ke7 55. Rf7+ Ke8 56. Ra7 Nd5 57. Be3 Rc3 58. Ke4 Nf6+ 59. Kd4 Rb3 60. Bg5 1-0

[Event "15th Governor Cup 2019"]
[Site "Khanty-Mansiysk"]
[Date "2019.11.24"]
[Round "8.9"]
[White "Savitskiy, Sergey"]
[Black "Khanin, Semen"]
[Result "1/2-1/2"]
[ECO "A05"]
[WhiteElo "2396"]
[BlackElo "2503"]
[Annotator "ChessBase"]
[PlyCount "101"]
[EventDate "2019.11.19"]
[EventType "swiss"]
[EventCountry "RUS"]
[SourceTitle "playchess.com"]
[Source "ChessBase"]
[SourceQuality "1"]
[TimeControl "5400+30"]

1. Nf3 Nf6 2. g3 g6 3. b3 Bg7 4. Bb2 b5 5. Bg2 Bb7 6. d4 d6 7. Qd3 a6 8. c4 Nbd7 9. Nbd2 Rb8 10. O-O O-O 11. cxb5 axb5 12. e4 c5 13. e5 dxe5 14. dxe5 Nxe5 15. Nxe5 Qxd3 16. Nxd3 Bxg2 17. Kxg2 Rfd8 18. Nxc5 Rxd2 19. Bc3 Rc2 20. Rfc1 Rxc3 21. Rxc3 Nd5 22. Rcc1 Bxa1 23. Rxa1 b4 24. Nd3 Rc8 25. Rd1 e6 26. Rd2 g5 27. Kf3 f5 28. Ke2 Kg7 29. Kd1 Kf6 30. Rc2 Rxc2 31. Kxc2 e5 32. Kd2 e4 33. Ne1 f4 34. Nc2 Kf5 35. h3 e3+ 36. Ke1 fxg3 37. fxg3 Ke4 38. a3 bxa3 39. Nxa3 Nb4 40. Ke2 Nd3 41. b4 Nxb4 42. Nc4 Nd5 43. Nd6+ Ke5 44. Nf7+ Kf5 45. Nd6+ Ke5 46. Nf7+ Kf6 47. Nd6 g4 48. hxg4 Ke5 49. Nf5 h5 50. Nxe3 Nxe3 51. Kxe3 1/2-1/2

[Event "15th Governor Cup 2019"]
[Site "Khanty-Mansiysk"]
[Date "2019.11.24"]
[Round "8.10"]
[White "Najdin, Danil"]
[Black "Bilguun, Sumiya"]
[Result "0-1"]
[ECO "E01"]
[WhiteElo "2357"]
[BlackElo "2496"]
[Annotator "ChessBase"]
[PlyCount "88"]
[EventDate "2019.11.19"]
[EventType "swiss"]
[EventCountry "RUS"]
[SourceTitle "playchess.com"]
[Source "ChessBase"]
[SourceQuality "1"]
[TimeControl "5400+30"]

1. d4 d5 2. c4 e6 3. g3 Nf6 4. Bg2 dxc4 5. Qa4+ c6 6. Qxc4 b5 7. Qc2 Bb7 8. Nf3 Nbd7 9. Nc3 c5 10. O-O b4 11. Na4 Be4 12. Qd1 c4 13. Bg5 Rc8 14. Rc1 Be7 15. Nd2 Bxg2 16. Kxg2 h6 17. Bf4 g5 18. Be3 Nb6 19. f3 Nfd5 20. Bg1 O-O 21. Nc5 c3 22. bxc3 Nxc3 23. Qe1 Nxa2 24. Ra1 Nc3 25. Rxa7 Nb5 26. Rb7 Nxd4 27. Nde4 Bxc5 28. Nxc5 Rxc5 29. Qxb4 Rc4 30. Qxb6 Nxe2 31. Bc5 Qxb6 32. Bxb6 Rb4 33. Rd1 Rc8 34. Rdd7 Rc2 35. Bf2 Rxb7 36. Rxb7 Nd4 37. Rd7 Nf5 38. Rd3 Kh7 39. h4 gxh4 40. g4 Ng3 41. Rd7 Kg6 42. Rd1 Ne2 43. Kf1 h3 44. Bh4 h2 0-1

[Event "15th Governor Cup 2019"]
[Site "Khanty-Mansiysk"]
[Date "2019.11.24"]
[Round "8.11"]
[White "Guseva, Marina"]
[Black "Iljiushenok, Ilia"]
[Result "0-1"]
[ECO "A63"]
[WhiteElo "2366"]
[BlackElo "2532"]
[Annotator "ChessBase"]
[PlyCount "104"]
[EventDate "2019.11.19"]
[EventType "swiss"]
[EventCountry "RUS"]
[SourceTitle "playchess.com"]
[Source "ChessBase"]
[SourceQuality "1"]
[TimeControl "5400+30"]

1. d4 Nf6 2. c4 g6 3. Nf3 Bg7 4. g3 c5 5. d5 O-O 6. Bg2 e6 7. Nc3 exd5 8. cxd5 d6 9. O-O Nbd7 10. Bf4 Qe7 11. e4 Ng4 12. Bg5 f6 13. Bd2 Nde5 14. Nxe5 Nxe5 15. Qe2 f5 16. f4 Nf7 17. Rfe1 Re8 18. a4 Bd7 19. Qc4 fxe4 20. Rxe4 Qf6 21. Rae1 Rxe4 22. Rxe4 Re8 23. Rxe8+ Bxe8 24. Be3 Qe7 25. Bf2 Nh6 26. h3 Nf5 27. g4 Bd4 28. Qf1 Ng3 29. Qa1 Ne2+ 30. Nxe2 Qxe2 31. Bxd4 cxd4 32. b3 d3 33. Qf1 Qe3+ 34. Qf2 Qc1+ 35. Kh2 d2 36. Qe2 Qe1 37. Bf3 Bf7 38. Qd3 Qf2+ 39. Kh1 Qg3 40. f5 gxf5 41. Qxf5 Qxh3+ 42. Kg1 Qg3+ 43. Kh1 d1=Q+ 44. Bxd1 Qe1+ 45. Kh2 Qxd1 46. Qg5+ Bg6 47. Qd8+ Kf7 48. Qd7+ Kf6 49. Qxd6+ Kg5 50. Qe5+ Kxg4 51. d6 Qd2+ 52. Kg1 Bf5 0-1

[Event "15th Governor Cup 2019"]
[Site "Khanty-Mansiysk"]
[Date "2019.11.24"]
[Round "8.12"]
[White "Yakimova, Mariya"]
[Black "Nesterov, Arseniy"]
[Result "0-1"]
[ECO "A64"]
[WhiteElo "2276"]
[BlackElo "2489"]
[Annotator "ChessBase"]
[PlyCount "78"]
[EventDate "2019.11.19"]
[EventType "swiss"]
[EventCountry "RUS"]
[SourceTitle "playchess.com"]
[Source "ChessBase"]
[SourceQuality "1"]
[TimeControl "5400+30"]

1. d4 Nf6 2. c4 e6 3. g3 c5 4. d5 exd5 5. cxd5 d6 6. Nc3 g6 7. Bg2 Bg7 8. Nf3 O-O 9. O-O Re8 10. Nd2 a6 11. a4 Nbd7 12. Nc4 Ne5 13. Nxe5 Rxe5 14. Re1 Rb8 15. a5 b5 16. axb6 Rxb6 17. Ra2 Re8 18. Bd2 Bd7 19. h3 Qc8 20. Kh2 h5 21. e4 Qb7 22. Qc2 h4 23. g4 Rb8 24. Rb1 Rb3 25. Bf1 Bxg4 26. hxg4 Nxg4+ 27. Kg2 Qe7 28. Be2 h3+ 29. Kg3 Nxf2 30. Kxf2 Qh4+ 31. Kf3 Qh5+ 32. Kf2 Bd4+ 33. Kg3 Be5+ 34. Kf2 Qh4+ 35. Kf1 Bd4 36. Be3 Bxe3 37. Bf3 Qg3 38. Bh1 Qg1+ 39. Ke2 Qf2+ 0-1

[Event "15th Governor Cup 2019"]
[Site "Khanty-Mansiysk"]
[Date "2019.11.24"]
[Round "8.13"]
[White "Lysenko, Margarita"]
[Black "Zakaryan, David"]
[Result "1-0"]
[ECO "E00"]
[WhiteElo "2243"]
[BlackElo "2338"]
[Annotator "NA"]
[PlyCount "131"]
[EventDate "2019.11.19"]
[EventType "swiss"]
[EventCountry "RUS"]
[SourceTitle "playchess.com"]
[Source "ChessBase"]
[SourceQuality "1"]
[TimeControl "5400+30"]

1. d4 e6 2. c4 Bb4+ 3. Bd2 Qe7 4. Nf3 f5 5. g3 b6 6. Bg2 Bb7 7. Nc3 Nf6 8. O-O O-O 9. a3 Bxc3 10. Bxc3 Ne4 11. Be1 c5 12. Nd2 d6 13. Nxe4 fxe4 14. Bc3 Nd7 15. f3 Rac8 16. dxc5 bxc5 17. fxe4 Rxf1+ 18. Qxf1 e5 19. Qf3 Nb6 20. b3 Rf8 21. Qd3 Qe6 22. Bd2 h6 23. Rf1 Rxf1+ 24. Kxf1 Bc6 25. Kg1 Nd7 26. Ba5 Kf7 27. Bc7 Ke7 28. b4 Bb7 29. Bf3 Ba6 30. b5 Bb7 31. a4 Nb6 32. Bxb6 axb6 33. Qc3 Bc8 34. a5 bxa5 35. Qxa5 Qd7 36. Qb6 g6 37. Qb8 h5 38. e3 Kf6 39. Qb6 Kg5 40. Qa5 Bb7 41. Qa7 Qc7 42. Qa2 Kf6 43. Qa7 Kg5 44. Qa2 Kh6 45. h4 Qf7 46. Bg2 Qc7 47. Qa7 Kg7 48. Bh3 Kf6 49. b6 Qe7 50. Qb8 Kg7 51. Qc7 Kf6 52. Bd7 Bxe4 53. b7 Bxb7 54. Qxb7 e4 55. Qc8 Kg7 56. Qe8 Qf6 57. Qxe4 Qa1+ 58. Kh2 Qa2+ 59. Kh3 Qa1 60. Bc6 Qf1+ 61. Qg2 Qxc4 62. Bd5 Qc3 63. Qf3 Qe5 64. Qf7+ Kh6 65. Qf8+ Kh7 66. Bg8+ 1-0

[Event "15th Governor Cup 2019"]
[Site "Khanty-Mansiysk"]
[Date "2019.11.24"]
[Round "8.14"]
[White "Mochalin, Faddey"]
[Black "Remizov, Yaroslav"]
[Result "1/2-1/2"]
[ECO "D35"]
[WhiteElo "2188"]
[BlackElo "2394"]
[Annotator "NA RC"]
[PlyCount "146"]
[EventDate "2019.11.19"]
[EventType "swiss"]
[EventCountry "RUS"]
[SourceTitle "playchess.com"]
[Source "ChessBase"]
[SourceQuality "1"]
[TimeControl "5400+30"]

1. d4 d5 2. c4 e6 3. Nc3 Nf6 4. cxd5 exd5 5. Bg5 c6 6. e3 Be7 7. Qc2 Nbd7 8. Bd3 Nh5 9. Bxe7 Qxe7 10. O-O-O Nb6 11. h3 g6 12. Nf3 Be6 13. Kb1 O-O-O 14. Na4 Nxa4 15. Qxa4 Kb8 16. Rc1 Ng7 17. Rc3 Bf5 18. Rhc1 f6 19. Bxf5 Nxf5 20. Ra3 a6 21. Rb3 Ka7 22. Qa5 Rc8 23. a4 Nd6 24. Qc5+ Ka8 25. Nd2 Rhe8 26. Ra3 Qd7 27. Ka1 Kb8 28. Ra2 Ne4 29. Nxe4 Rxe4 30. b4 f5 31. Rac2 Rce8 32. g3 g5 33. b5 cxb5 34. axb5 R4e6 35. Ra2 Qxb5 36. Qxb5 axb5 37. Rc5 f4 38. gxf4 gxf4 39. Rxd5 fxe3 40. fxe3 Rxe3 41. Rxb5 Rxh3 42. Rg2 Re7 43. d5 Rd7 44. Ra5 Kc7 45. Rd2 Kd6 46. Rb5 Ke5 47. Kb1 Rh6 48. Re2+ Kd4 49. Rd2+ Kc4 50. Rbb2 Kc5 51. Rdc2+ Kd4 52. Rd2+ Ke5 53. Re2+ Kf6 54. Kc2 Kg7 55. Kc3 Rh5 56. Kc4 Rg5 57. d6 b5+ 58. Rxb5 Rxb5 59. Kxb5 Rxd6 60. Kc5 Rd8 61. Rg2+ Kf6 62. Rh2 Kg6 63. Rg2+ Kf5 64. Rh2 Rd7 65. Kc6 Ra7 66. Kd5 Kf4 67. Rh6 Re7 68. Kd6 Rb7 69. Kd5 Ra7 70. Rh4+ Kf5 71. Rh1 Kf4 72. Rh4+ Kf5 73. Rh1 Kf4 {[%emt 0:00:16] Ke4+ Ke5+} 1/2-1/2

[Event "15th Governor Cup 2019"]
[Site "Khanty-Mansiysk"]
[Date "2019.11.24"]
[Round "8.16"]
[White "Obgolts, Erik"]
[Black "Skatchkov, Valery"]
[Result "1/2-1/2"]
[ECO "A05"]
[WhiteElo "2371"]
[BlackElo "2309"]
[Annotator "NA"]
[PlyCount "81"]
[EventDate "2019.11.19"]
[EventType "swiss"]
[EventCountry "RUS"]
[SourceTitle "playchess.com"]
[Source "ChessBase"]
[SourceQuality "1"]
[TimeControl "5400+30"]

1. Nf3 Nf6 2. g3 e6 3. Bg2 d5 4. O-O Be7 5. d3 c5 6. Nbd2 Nc6 7. c4 O-O 8. b3 b6 9. Bb2 Bb7 10. a3 Qc7 11. Qc2 Rac8 12. e3 Rfd8 13. Rfd1 a6 14. Rac1 Qb8 15. Qb1 h6 16. cxd5 Nxd5 17. Ne4 Bf8 18. g4 f5 19. gxf5 exf5 20. Nc3 Nxc3 21. Bxc3 Ne7 22. e4 fxe4 23. dxe4 Qf4 24. Ne5 Rxd1+ 25. Rxd1 Nf5 26. Qd3 Nd4 27. Ng6 Qg4 28. Bxd4 cxd4 29. Nxf8 Bxe4 30. f3 Qxg2+ 31. Kxg2 Bxd3 32. Rxd3 Rc3 33. Rxd4 Kxf8 34. Rb4 b5 35. a4 bxa4 36. Rxa4 Rxb3 37. Rxa6 Kf7 38. h4 Rb4 39. Kg3 Rb5 40. Rc6 Rd5 41. Ra6 1/2-1/2

[Event "15th Governor Cup 2019"]
[Site "Khanty-Mansiysk"]
[Date "2019.11.24"]
[Round "8.17"]
[White "Martynyuk, Elizaveta"]
[Black "Maltsevskaya, Aleksandra"]
[Result "0-1"]
[ECO "B46"]
[WhiteElo "2020"]
[BlackElo "2332"]
[Annotator "NA"]
[PlyCount "62"]
[EventDate "2019.11.19"]
[EventType "swiss"]
[EventCountry "RUS"]
[SourceTitle "playchess.com"]
[Source "ChessBase"]
[SourceQuality "1"]
[TimeControl "5400+30"]

1. e4 c5 2. Nf3 Nc6 3. d4 cxd4 4. Nxd4 e6 5. Nc3 a6 6. Be3 Nf6 7. Bd3 d5 8. exd5 exd5 9. O-O Be7 10. Bf5 O-O 11. Bxc8 Qxc8 12. Qf3 Rd8 13. Rad1 Ne5 14. Qf5 Nc4 15. Bc1 h6 16. Rfe1 Bb4 17. Rd3 Nd6 18. Qf3 Nde4 19. Nf5 Re8 20. Red1 Bxc3 21. bxc3 Re5 22. Nd4 Qe8 23. h4 Qd7 24. Bf4 Re7 25. Re3 Rae8 26. Bh2 g6 27. Ne2 Ng4 28. Red3 Nexf2 29. Rxd5 Qc6 30. R1d2 Qb6 31. Bd6 Rxe2 0-1

[Event "15th Governor Cup 2019"]
[Site "Khanty-Mansiysk"]
[Date "2019.11.24"]
[Round "8.18"]
[White "Chinguun, Sumiya"]
[Black "Safin, Robert"]
[Result "1/2-1/2"]
[ECO "B40"]
[WhiteElo "2307"]
[BlackElo "2182"]
[Annotator "NA"]
[PlyCount "110"]
[EventDate "2019.11.19"]
[EventType "swiss"]
[EventCountry "RUS"]
[SourceTitle "playchess.com"]
[Source "ChessBase"]
[SourceQuality "1"]
[TimeControl "5400+30"]

1. e4 c5 2. Nf3 e6 3. d4 cxd4 4. Nxd4 Nf6 5. Nc3 Nc6 6. Be3 Bb4 7. Bd3 Qa5 8. O-O Bxc3 9. bxc3 a6 10. c4 Nxd4 11. Bxd4 e5 12. Be3 d6 13. f3 O-O 14. Be2 Qc7 15. Qd3 Be6 16. Rfd1 Rfc8 17. Qxd6 Qxd6 18. Rxd6 Bxc4 19. Bd3 Bxd3 20. cxd3 Rd8 21. Rxd8+ Rxd8 22. Rd1 h5 23. d4 exd4 24. Rxd4 Rxd4 25. Bxd4 Nd7 26. Kf2 f6 27. Ke3 Kf7 28. Kd3 Ke6 29. Kc4 Kd6 30. f4 g6 31. Bxf6 Nxf6 32. e5+ Ke6 33. exf6 Kxf6 34. Kc5 Kf5 35. Kb6 Kxf4 36. Kxb7 a5 37. a4 g5 38. Kb6 g4 39. Kxa5 h4 40. Kb4 g3 41. h3 Ke3 42. a5 Kf2 43. a6 Kxg2 44. a7 Kh2 45. a8=Q g2 46. Qa2 Kh1 47. Qd5 Kh2 48. Qe5+ Kxh3 49. Qe3+ Kh2 50. Qf4+ Kh3 51. Qe3+ Kh2 52. Qf2 h3 53. Qf4+ Kh1 54. Qf3 Kh2 55. Qf4+ Kh1 1/2-1/2